[Event "*** Titled Tuesday Blitz"]
[Site "Chess.com"]
[Date "2019.09.03"]
[Round "10"]
[White "guillembaches"]
[Black "Chigorinetz"]
[Result "0-1"]
[WhiteElo "2322"]
[BlackElo "2552"]
[TimeControl "180+2"]
[EndTime "17:20:59 PDT"]
[Termination "Chigorinetz won by checkmate"]

1. e4 c5 2. Nf3 Nc6 3. d4 cxd4 4. Nxd4 g6 5. c4 Bg7 6. Nc2 Nf6 7. Nc3 d6 8. Be2 Nd7 9. Bd2 Nc5 10. f3 O-O 11.
O-O a5 12. Na3 a4 13. Rc1 f5 14. exf5 Bxf5 15. Nab5 Kh8 16. b4 axb3 17. axb3 Nb4 18. Be3 Nbd3 19. Rb1 Nb4 20. Rc1 Qa5 21. Bd4 Nbd3 22.
Bxg7+ Kxg7 23. Rc2 Nf4 24. Ra2 Qxa2 25. Nxa2 Rxa2 26. Nd4 Bd7 27. g3 Nh3+ 28. Kg2 Ng5 29. Rf2 Rfa8 30. h4 Nf7 31. Bf1 Ra1 32. Qd2 Rb1 33. h5 Raa1 34. hxg6 hxg6 35. Ne2 Rxb3 36. Qd4+ Ne5 37. Qxa1 Kf7 38. Nf4 g5 39. Nd5 Bc6 40. Qc1 e6 41. Nc3 g4 42. Be2 Ncd3 43. Bxd3 gxf3+ 44. Kh3 Nxd3 45. Qc2 Nxf2+ 46. Qxf2 Rxc3 47. Kh4 Rxc4+ 48. Kg5 Rc5+ 49. Kh6 Re5 50. g4 Re2 51. Qb6 e5 52. g5 Rh2# 0-1

[Event "*** Titled Tuesday Blitz"]
[Site "Chess.com"]
[Date "2019.09.03"]
[Round "10"]
[White "Ginzburg_Yakov"]
[Black "ElGasanov"]
[Result "1-0"]
[WhiteElo "2534"]
[BlackElo "2668"]
[TimeControl "180+2"]
[EndTime "17:21:14 PDT"]
[Termination "Ginzburg_Yakov won by resignation"]

1. e4 c5 2. Nf3 Nc6 3. d4 cxd4 4.
Nxd4 Nf6 5. Nc3 g6 6. f4 d6 7. Nf3 Bg4 8. Be2 Bg7 9. O-O O-O 10. Kh1 Rc8 11. Be3 Qa5 12. Nd4 Bxe2 13. Qxe2 Qb4 14. Nxc6 Rxc6 15. e5 dxe5 16. fxe5 Ng4 17. Nd5 Qe4 18.
Nxe7+ Kh8 19. Nxc6 bxc6 20. Rf4 Qxe3 21. Qxg4 Bxe5 22.
Re4 Qc5 23. b4 Qc3 24. Rf1 f6 25. Qe2 Rd8 26. Re3 Qb2 27. a3 Kg7 28. Rd1 Rxd1+ 29. Qxd1 h5 30. g3 Qa2 31. Rb3 Kh6 32. Kg2 Kg7 33.
h4 Kh6 34. Qd2+ Kh7 35. Qc1 Kg7 36. Qb1 Qxb1 37. Rxb1 Kf7 38. c4 Ke6 39. Rd1 Ke7 40. Kf3 Bb2 41. Rd3 Be5 42. g4 hxg4+ 43. Kxg4 Bc7 44. c5 Be5 45. Re3 Ke6 46. Rd3 f5+ 47. Kg5 Bf6+ 48. Kxg6 Bxh4 49. Re3+ Kd5 50. Kxf5 Bf2 51.
Re6 a5 52. bxa5 Kxc5 53. Re5+ Kc4 54. a6 Bb6 55. Re7 Kb5 56. a7 1-0

[Event "*** Titled Tuesday Blitz"]
[Site "Chess.com"]
[Date "2019.09.03"]
[Round "10"]
[White "Gentlejimmy7"]
[Black "Cukiero"]
[Result "1/2-1/2"]
[WhiteElo "2500"]
[BlackElo "2415"]
[TimeControl "180+2"]
[EndTime "17:21:15 PDT"]
[Termination "Game drawn - insufficient material"]

1. d4 Nf6 2. Nf3 b6 3. g3 Bb7 4.
Bg2 e6 5. O-O c5 6. c4 cxd4 7.
Qxd4 Nc6 8. Qf4 Ne7 9. Nc3 Ng6 10. Qd2 Bb4 11. Qc2 Rc8 12. b3 O-O 13. Bb2 Qe7 14.
a3 Bxc3 15. Bxc3 a5 16. Qb2 Rfd8 17. Rfd1 d5 18. Bxf6 gxf6 19. cxd5 Bxd5 20. b4 axb4 21. axb4 Ra8 22. Rxa8 Rxa8 23. Nd4 Bxg2 24. Kxg2 Ne5 25.
Nf3 Nxf3 26. exf3 e5 27. Qd2 Ra4 28. Rc1 Kg7 29. Rc4 f5 30. Qc3 Ra7 31. f4 f6 32.
fxe5 Qxe5 33. Qf3 Re7 34. Rf4 Kg6 35. g4 fxg4 36. Rxg4+ Kf7 37. Qb3+ Qe6 38. Qh3 Qd5+ 39. Kg3 Qe5+ 40. Kg2 Qd5+ 41. Qf3 Qxf3+ 42. Kxf3 Rc7 43. Rd4 Rc3+ 44. Kg4 Rb3 45. h4 Ke6 46. f4 f5+ 47.
Kg5 Rg3+ 48. Kh6 Rg4 49. h5 Rh4 50. Rc4 Kd5 51. Rc7 Rxf4 52. Kxh7 Rxb4 53. Kg6 Rh4 54. h6 f4 55. h7 f3 56. Rf7 Ke4 57. Re7+ Kd3 58. Rd7+ Ke2 59. Re7+ Kf1 60. Rb7 f2 61. Rxb6 Kg2 62. Rb2 Rxh7 63. Kxh7 Kg1 64. Rxf2 Kxf2 1/2-1/2

[Event "*** Titled Tuesday Blitz"]
[Site "Chess.com"]
[Date "2019.09.03"]
[Round "10"]
[White "vinniethepooh"]
[Black "GCamachoMartinez"]
[Result "1/2-1/2"]
[WhiteElo "2575"]
[BlackElo "2435"]
[TimeControl "180+2"]
[EndTime "17:21:25 PDT"]
[Termination "Game drawn by agreement"]

1. d4 d5 2. c4 c6 3. Nc3 Nf6 4. cxd5 cxd5 5. f3 Nc6 6. e4 e6 7.
e5 Nd7 8. f4 f6 9. Nf3 Bb4 10. Bd3 Qb6 11. exf6 Nxf6 12. Be3 O-O 13. Qc2 Bd6 14. g3 Nb4 15. Qe2 Nxd3+ 16. Qxd3 Bd7 17. O-O Rac8 18. Qe2 Bb4 19. Rfc1 Bxc3 20. bxc3 Bb5 21.
Qb2 Bd3 22. Qxb6 axb6 23. Ne5 Be4 24. a4 Rc7 25. Kf2 Rfc8 26. Bd2 Nd7 27. Nxd7 Rxd7 28. Ke3 Rdc7 29. Ra2 Ra8 30. Rca1 Rc4 31. Rb2 Ra6 32. Rb4 Rxb4 33. cxb4 b5 34. a5 Rc6 35. g4 Kf7 36. h4 h5 37. gxh5 Kf6 38. Rg1 Rc8 39. Rg5 Rc2 40.
Rg1 Rc8 41. Rc1 Rxc1 42. Bxc1 Kf5 43. Bd2 Kg4 44. Be1 Bf5 45. Bf2 Be4 46. Be1 Kxh5 47.
Bf2 Kg4 48. Be1 Kh3 49. Bf2 Kg2 50. Be1 g6 51. Bf2 Kf1 52. Bg3 Kg2 53. Bf2 Kh3 54. Be1 Kg4 55. Bf2 Kf5 56. Be1 Kf6 57. Bg3 Ke7 58.
Be1 Kd7 59. Kf2 Kc6 60. Kg3 Bf5 61. Bd2 Kd6 62. Be1 Kc6 63. Bd2 b6 64. axb6 Kxb6 65. Be1 Kc6 1/2-1/2

[Event "*** Titled Tuesday Blitz"]
[Site "Chess.com"]
[Date "2019.09.03"]
[Round "10"]
[White "eljanov"]
[Black "Sanan_Sjugirov"]
[Result "0-1"]
[WhiteElo "2927"]
[BlackElo "2885"]
[TimeControl "180+2"]
[EndTime "17:21:44 PDT"]
[Termination "Sanan_Sjugirov won by resignation"]

1. Nf3 d5 2. g3 Bg4 3. Bg2 Nd7 4. h3 Bh5 5. d4 e6 6. O-O Ngf6 7. c4 c6 8. cxd5 exd5 9. Qb3 Qb6 10. Qe3+ Be7 11. Nc3 Qd8 12. Ne5 Nxe5 13. dxe5 d4 14. Qg5 Bg6 15.
exf6 Bxf6 16. Qc5 dxc3 17. bxc3 Be7 18. Qc4 O-O 19. Bf4 Qa5 20. Rad1 Bf5 21. Qb3 Qa6 22.
c4 Rad8 23. Rxd8 Rxd8 24. Rc1 Be6 25. Be3 Rd7 26. a4 h6 27. h4 Qa5 28. Bf3 Bc5 29.
Bxc5 Qxc5 30. Kg2 a5 31. e3 Rd2 32. Qc3 Qb4 33. Qxb4 axb4 34. Rb1 c5 35. Bxb7 Ra2 36. Bd5 Bxd5+ 37. cxd5 Rxa4 38. Kf3 c4 39. Ke4 Kf8 40.
Kd4 c3 41. Kc4 Ke7 42. e4 Kd6 43. f3 f5 44. exf5 c2 45. Rc1 Ra3 46. Rxc2 Rxf3 47. Kxb4 Kxd5 48. Rc5+ Ke4 49. f6 Rxf6 50. Rc7 Rg6 51. Kc5 Rxg3 52. Re7+ Kf5 53. Kd4 g6 54. Rh7 h5 55. Rf7+ Kg4 56. Ke4 Kxh4 57. Kf4 g5+ 0-1

[Event "*** Titled Tuesday Blitz"]
[Site "Chess.com"]
[Date "2019.09.03"]
[Round "10"]
[White "NemtsevIgor"]
[Black "Alexandercs432"]
[Result "1-0"]
[WhiteElo "2307"]
[BlackElo "2044"]
[TimeControl "180+2"]
[EndTime "17:22:00 PDT"]
[Termination "NemtsevIgor won by resignation"]

1. d4 d5 2. Bf4 Nf6 3. e3 c5 4. Nf3 Nc6 5. c3 Qb6 6. Qb3 c4 7. Qc2 Bf5 8. Qc1 e6 9. Nbd2 Nh5 10. Be5 Qd8 11. h3 Nf6 12. Bh2 Bd6 13. Bxd6 Qxd6 14. Be2 O-O 15. O-O b5 16. a3 a5 17. Nh4 Bg6 18.
Nxg6 hxg6 19. Bf3 e5 20. dxe5 Nxe5 21. Be2 Ne4 22. Rd1 Qf6 23. Nf3 Nxf3+ 24. Bxf3 Rad8 25. Rd4 Qe5 26. Qd1 Nf6 27. a4 b4 28. cxb4 axb4 29. a5 Rd6 30. a6 Ra8 31. a7 Rd7 32. e4 Rdxa7 33. Rxa7 Rxa7 34. exd5 Ra1 35. Qxa1 Qxd4 36.
Qa4 c3 37. bxc3 Qxc3 38. Qc6 Qxc6 39. dxc6 Ne8 40. Bd5 Kf8 41. f4 Ke7 42. Kf2 f6 43. Ke3 Kd6 44. Kd4 Nc7 45. Be4 g5 46. fxg5 fxg5 47. Kc4 Ne6 48. Kxb4 Nf4 49. Kb5 Kc7 50. Kc5 Ne6+ 51. Kd5 Nf4+ 52. Ke5 Kd8 53. Kf5 Kc7 54. Kxg5 Ne6+ 55. Kg6 Kd6 56. Bf3 Kc7 57. h4 Kd6 58. h5 Kc7 59. g4 Kd6 60. g5 Kc7 61. h6 gxh6 62. gxh6 Kd6 63. h7 Nf8+ 64. Kg7 Nxh7 65. Kxh7 Kc7 66. Kg7 Kd6 67. Kf6 Kc7 68. Ke7 Kc8 69.
Kd6 Kb8 70. c7+ Kc8 71. Bg4+ Kb7 72. c8=Q+ Ka7 73. Qc2 1-0

[Event "*** Titled Tuesday Blitz"]
[Site "Chess.com"]
[Date "2019.09.03"]
[Round "10"]
[White "jorquerino"]
[Black "abubakrtagelsir"]
[Result "1-0"]
[WhiteElo "2316"]
[BlackElo "2251"]
[TimeControl "180+2"]
[EndTime "17:22:22 PDT"]
[Termination "jorquerino won by resignation"]

1. e4 d6 2. Nc3 Nf6 3. g3 g6 4. Bg2 Bg7 5. d3 O-O 6. Nge2 c5 7. O-O Nc6 8. h3 Rb8 9. f4 Qc7 10. a4 a6 11. g4 b5 12. axb5 axb5 13. g5 Nd7 14.
Nd5 Qd8 15. f5 Nd4 16. f6 Nxe2+ 17. Qxe2 exf6 18. gxf6 Nxf6 19. Bg5 Nxd5 20. Bxd8 Bd4+ 21. Kh1 Ne3 22. Rf3 Nxg2 23. Kxg2 Rxd8 24. c3 Bg7 25.
Ra7 Be6 26. Qf2 Rf8 27. Rf6 Ra8 28. Rxa8 Rxa8 29. Rxe6 fxe6 30. Qe2 Ra2 31. Qc2 Kf7 32. Kf3 Ra1 33. Qb3 Ra5 34. Qd1 b4 35. cxb4 cxb4 36. Qb3 Rb5 37. Qc4 Rb7 38. d4 b3 39. Ke3 Ke7 40. Qc6 Rd7 41. Qb5 Bh6+ 42. Kd3 e5 43. Qxb3 exd4 44. Kxd4 Bg7+ 45. Kd3 Be5 46. Qb5 Rc7 47.
b4 h5 48. h4 Rc3+ 49. Kd2 Rh3 50. Qc6 Rxh4 51. b5 Rh2+ 52. Kd3 Rb2 53. b6 h4 54. b7 Kf6 55. Qc7 d5 56. Qc6+ Kg5 57. Qxd5 Kf4 58. Qf7+ Kg5 59. Qe7+ Bf6 60. Qd7 Be5 61. Qe7+ Bf6 62.
Qd7 Be5 63. Kc4 Kf4 64. Qh3 g5 65. Qf5+ Ke3 66. Qxe5 Rxb7 67. Qxg5+ Ke2 68. Qxh4 1-0

[Event "*** Titled Tuesday Blitz"]
[Site "Chess.com"]
[Date "2019.09.03"]
[Round "10"]
[White "Sutormin_DA"]
[Black "WPWPWP-2015"]
[Result "1-0"]
[WhiteElo "2610"]
[BlackElo "2445"]
[TimeControl "180+2"]
[EndTime "17:22:45 PDT"]
[Termination "Sutormin_DA won by checkmate"]

1. e4 c5 2. c3 Nf6 3. e5 Nd5 4. d4 cxd4 5. Nf3 d6 6. cxd4 e6 7. Bc4 Be7 8. O-O O-O 9. Bd2 b6 10. Qe2 Bb7 11. Rd1 Nd7 12. Nc3 Nxc3 13. Bxc3 dxe5 14.
dxe5 Qc7 15. Rac1 Rfd8 16. Bd3 Nc5 17. Bc2 Rxd1+ 18. Rxd1 Rd8 19. h4 a5 20. h5 h6 21.
a3 Rxd1+ 22. Qxd1 Be4 23. b4 Bxc2 24. Qxc2 Nd7 25. Qd3 axb4 26. axb4 Nf8 27. Bd2 Qc6 28. Be3 Bxb4 29. Nd4 Qd5 30. Qb3 Bc5 31. Qxd5 exd5 32. Nf5 Kh7 33. Kf1 Ne6 34. Ke2 d4 35. Bd2 g6 36.
hxg6+ fxg6 37. Nxh6 b5 38. Ng4 Kg7 39. Nf6 Bb6 40. Nd7 Bc7 41. f4 Kf7 42. g4 Ke7 43. Nf6 Bb8 44. Nd5+ Kf7 45. Kd3 Ba7 46. f5 gxf5 47.
gxf5 Ng7 48. Ke4 Bc5 49. Nc7 b4 50. e6+ Kf8 51. f6 Nh5 52. Bh6+ Kg8 53. Kf5 Nxf6 54. Kxf6 b3 55. Bc1 d3 56. Nd5 d2 57. Bxd2 b2 58. Nc3 Bd4+ 59. Kg6 Bc5 60. Nb1 Kf8 61. Kf6 Bd4+ 62.
Kf5 Ke7 63. Bb4+ Ke8 64. Bc3 Bxc3 65. Nxc3 Ke7 66. Ke5 Ke8 67. Nb1 Ke7 68. Kd5 Ke8 69. Kd6 Kd8 70. Nc3 Ke8 71. e7 Kf7 72. Nb1 Ke8 73. Nc3 Kf7 74. Kd7 b1=Q 75. e8=Q+ Kf6 76. Nxb1 Kf5 77. Qe6+ Kf4 78. Nc3 Kg5 79. Qf7 Kh6 80. Qg8 Kh5 81. Ke6 Kh6 82. Ne4 Kh5 83. Qg5# 1-0

[Event "*** Titled Tuesday Blitz"]
[Site "Chess.com"]
[Date "2019.09.03"]
[Round "10"]
[White "NTBT_DHS"]
[Black "kuli4ik"]
[Result "1-0"]
[WhiteElo "2737"]
[BlackElo "2798"]
[TimeControl "180+2"]
[EndTime "17:23:13 PDT"]
[Termination "NTBT_DHS won on time"]

1. d4 g6 2. c4 Bg7 3. Nc3 d6 4.
e4 e5 5. d5 a5 6. f3 Na6 7.
Be3 Bh6 8. Bxh6 Nxh6 9. Qd2 Ng8 10. Nge2 f5 11. exf5 gxf5 12. f4 Ne7 13. O-O-O O-O 14.
h4 Ng6 15. g3 Qf6 16. h5 Nh8 17. Kb1 Nf7 18. Nc1 e4 19. Nb3 b6 20. Nd4 Nh6 21. Bh3 Nc5 22. Rdg1 Kh8 23. Ncb5 Rf7 24. Bf1 Ba6 25. Nc3 Rg8 26. Qe3 Rfg7 27. Be2 Ng4 28. Bxg4 Rxg4 29. b3 a4 30. Nd1 axb3 31. axb3 Bc8 32.
Nf2 R4g7 33. h6 Rg6 34. g4 fxg4 35. b4 g3 36. bxc5 bxc5 37. Nxe4 Qxd4 38. Qxd4+ cxd4 39. Ng5 Rf8 40. Rxg3 Rxf4 41. Re1 Rf8 42. Re7 Kg8 43. Rxc7 Bf5+ 44. Kc1 Rc8 45. Rxc8+ Bxc8 46. Kd2 Bf5 47. Rg1 Rxh6 48. Nf3+ Kf7 49. Nxd4 Bg6 50. Rf1+ Ke7 51. Nc6+ Kd7 52. Ra1 Kc7 53. Kc3 Rh2 54. Ra6 h5 55. Nd4 Be8 56. Ne6+ Kd7 57. Ra7+ Kc8 58. Rc7+ Kb8 59.
Rg7 Ba4 60. Kb4 Ra2 61. Rh7 Bd1 62. Nd4 Bg4 63. Nb5 Ra6 64. Rh6 Bd7 65. Nxd6 Kc7 66. Kc5 Ra5+ 67. Nb5+ Bxb5 68. cxb5 Ra1 69. Rh7+ Kd8 70.
Kd6 Kc8 71. Rxh5 Rd1 72. Rh7 Rb1 73. Rc7+ Kd8 74. Rc5 Rb2 75. Kc6 Kc8 76. d6 Re2 77. b6 Rd2 78. b7+ Kb8 79. d7 Rd1 80. Rd5 Rc1+ 81.
Kd6 Kxb7 82. d8=Q 1-0